 Dungeon Crawl Stone Soup version 0.25-a0-292-gaa31f046c4 (webtiles) character file.

Game seed: 4808462212164454249, levelgen mode: classic

78138 Borgoz the Severer (level 15, -6/211 HPs)
             Began as a Hill Orc Berserker on Dec 15, 2019.
             Was a High Priest of Trog.
             Mangled by a yak (8 damage)
             ... led by a torpor snail
             ... on level 6 of the Lair of Beasts.
             The game lasted 00:52:00 (18214 turns).

Borgoz the Severer (Hill Orc Berserker)            Turns: 18214, Time: 00:52:00

Health: -6/211     AC: 21    Str: 28    XL:     15   Next: 59%
Magic:  18/18      EV: 12    Int:  7    God:    Trog [*****.]
Gold:   615        SH:  0    Dex: 14    Spells: 14/14 levels left

rFire    + . .     SeeInvis .   a - +6 battleaxe (flame)
rCold    + . .     Gourm    .   (shield currently unavailable)
rNeg     . . .     Faith    .   o - +2 gold dragon scales
rPois    +         Spirit   .   j - +1 hat
rElec    .         Reflect  .   w - scarf {repulsion}
rCorr    .         Harm     .   q - +0 pair of gloves
MR       +++..                  i - +0 pair of boots
Stlth    ..........             D - amulet of regeneration
HPRegen  0.85/turn              U - ring of protection from magic
MPRegen  0.16/turn              l - ring of protection from magic

@: berserking (expiring), lethally poisoned (-6 -> -6), corroded, slowed, repel
missiles
A: no striking features
a: Berserk, Trog's Hand, Brothers in Arms, Renounce Religion


You were on level 6 of the Lair of Beasts.
You worshipped Trog.
Trog was extremely pleased with you.
You were very hungry.

You visited 3 branches of the dungeon, and saw 21 of its levels.
You also visited: Ossuary, Gauntlet and Ice Cave.

You collected 1291 gold pieces.
You spent 676 gold pieces at shops.

Inventory:

Hand Weapons
 a - a +6 battleaxe of flaming (weapon)
 b - a +0 executioner's axe of flaming
 A - a +6 battleaxe
 N - a +8 triple sword
Missiles
 C - 4 throwing nets (quivered)
Armour
 i - a +0 pair of boots (worn)
 j - a +1 hat (worn)
 o - +2 gold dragon scales (worn)
 q - a +0 pair of gloves (worn)
 w - a scarf of repulsion (worn)
Jewellery
 l - a ring of protection from magic (right hand)
 r - an uncursed ring of protection from cold
 B - a +4 ring of evasion
 D - an amulet of regeneration (around neck)
 E - an uncursed ring of resist corrosion
 G - the ring of Tarungueg {Fire MR+ Str+3}
   (You found it on level 1 of the Lair of Beasts)

   [ring of fire]

   It enhances your fire magic.
   It affects your strength (+3).
   It protects you from fire.
   It makes you vulnerable to cold.
   It affects your resistance to hostile enchantments.
 U - a ring of protection from magic (left hand)
Wands
 d - a wand of digging (4)
 v - a wand of flame (18)
 F - a wand of iceblast (5)
 I - a wand of acid (14)
 L - a wand of clouds (7)
Scrolls
 p - 13 scrolls of remove curse
 s - 2 scrolls of blinking
 t - 6 scrolls of fear
 u - 3 scrolls of fog
 y - 4 scrolls of enchant weapon
 H - 4 scrolls of teleportation
 J - a scroll of noise {unknown}
 M - a scroll of silence
 O - a scroll of enchant armour
Potions
 e - 5 potions of curing
 f - 2 potions of cancellation
 g - 2 potions of might
 k - 7 potions of flight
 m - a potion of haste
 n - 3 potions of berserk rage
 x - 2 potions of agility
 z - a potion of ambrosia
 K - a potion of lignification
 Q - 2 potions of heal wounds
 R - a potion of invisibility
Comestibles
 c - 26 rations
 h - 6 chunks of flesh


   Skills:
 + Level 15.0 Fighting
 + Level 16.2 Axes
 + Level 13.8 Armour
 * Level 13.1 Dodging
 - Level 4.0 Evocations


You had 14 spell levels left.
You didn't know any spells.
Your spell library was empty.

Dungeon Overview and Level Annotations

Branches:
Dungeon (15/15)            Temple (1/1) D:6            Lair (4/6) D:9
  Swamp (0/4) Lair:4        Snake (0/4) Lair:3          Orc (0/2) D:10
 Vaults (0/5) D:14         Depths (0/5) D:15        Ossuary (visited)
  IceCv (visited)         Gauntlet (visited)

Altars:
Ashenzari
Cheibriados
Dithmenos
Elyvilon
Fedhas
Gozag
Hepliaklqana
Kikubaaqudgha
Makhleb
Nemelex Xobeh
Okawaru
Qazlal
Ru
Sif Muna
Trog
Uskayaw
Vehumet
Wu Jian
Xom
Yredelemnul
Zin
The Shining One

Shops:
D:14 *?


Message History

The blink frog blinks!
A torpor snail comes into view.
Being near the torpor snail leaves you feeling lethargic.
You slice the wyvern!! You burn the wyvern!
You kill the wyvern!
Trog accepts your kill.
You slice the steam dragon!! You burn the steam dragon.
You kill the steam dragon!
Trog accepts your kill.
The steam dragon scales are intact enough to wear.
You slice the blink frog!! You burn the blink frog.
You kill the blink frog!
Trog accepts your kill.
You closely miss the yak. You slice the wyvern!! You burn the wyvern.
You kill the wyvern!
Trog accepts your kill.
You feel sick.
A death yak comes into view.
The blink frog blinks!
The yak gores you!
You die...

.P.. #..?Y##..
#...##...#..Y.
##.....F#.PPY..
.......FP.P.P.#.
................#
.........Y.......
......††[...§...#
.....F†@†.......P
.#....†Y†.......#
#PP#..Y.t.....#.
.PPY..†Y.........
...P.............
w.............#..
..#.........##.#
#.#.....##### #
.....###


You could see 3 death yaks, a torpor snail, 5 yaks, a spiny frog, 2 blink frogs
and a crocodile.

Vanquished Creatures
  Rupert (D:14)
  Frances (D:13)
  Kirke (D:14)
  Louise (D:15)
  A minotaur (Gauntlet)
  3 hydras
  A vault guard (D:14)
  A rakshasa (D:15)
  Erolcha (D:9)
  Harold (D:8)
  The ghost of MisterFreud the Carver, a journeyman HuWn (D:9)
  Erica (D:9)
  3 tengu warriors
  A death yak (Lair:6)
  A two-headed ogre (D:15)
  A sixfirhy (Gauntlet)
  A glowing orange brain (D:15)
  3 unseen horrors
  A wizard (D:15)
  A necromancer (Lair:3)
  2 deep elf magi
  5 cyclopes
  A manticore (D:12)
  12 ugly things
  A moth of wrath (Gauntlet)
  6 elephants (Lair:3)
  2 naga magi (D:14)
  4 black mambas
  An eye of devastation (Gauntlet)
  A torpor snail (Lair:6)
  2 ice statues (IceCv)
  A gargoyle (D:13)
  10 spiny frogs
  2 kobold demonologists (D:14)
  4 komodo dragons
  A yaktaur (D:15)
  2 rime drakes
  A komodo dragon (shapeshifter) (D:15)
  2 efreet
  A tengu conjurer (D:13)
  4 trolls
  A polar bear (shapeshifter) (D:15)
  2 hornets
  A merfolk (D:13)
  9 slime creatures
  8 hippogriffs
  32 blink frogs
  5 dream sheep (Lair:2)
  9 wyverns
  41 yaks
  2 wraiths
  3 redbacks
  A hog (shapeshifter) (D:14)
  4 hogs (D:14)
  Grum (D:9)
  2 hungry ghosts
  7 vampire mosquitoes (D:13)
  2 steam dragons
  A golden eye (Gauntlet)
  3 basilisks
  2 nagas (D:14)
  An acid dragon (Lair:6)
  17 water moccasins
  A floating eye (shapeshifter) (D:15)
  3 porcupines
  A swamp drake (Lair:6)
  9 ice beasts
  10 orc warriors
  4 phantoms
  6 sky beasts
  3 black bears
  9 ogres
  11 centaurs
  8 crocodiles
  14 wolves
  A crocodile (shapeshifter) (D:15)
  2 big kobolds
  2 elf zombies (Ossuary)
  23 bullfrogs
  A wyvern zombie (D:9)
  5 scorpions
  18 wights
  8 killer bees
  3 howler monkeys
  6 electric eels (Lair:4)
  7 centaur zombies
  11 crimson imps
  2 quasits
  A bullfrog zombie (D:7)
  A human zombie (Ossuary)
  7 hounds
  4 jellies
  3 bullfrog skeletons
  9 orc priests
  9 orc wizards
  4 centaur skeletons
  4 iguanas
  4 yak simulacra (Lair:3)
  A polar bear simulacrum (Lair:3)
  10 worker ants
  3 wolf simulacra (Lair:3)
  2 big kobold zombies (Ossuary)
  3 hound skeletons
  2 mummies (Ossuary)
  2 worker ant zombies
  12 gnolls
  2 howler monkey skeletons (D:11)
  16 adders
  6 shadow imps
  4 ufetubi (Gauntlet)
  An ooze (D:2)
  3 worms
  12 leopard geckos
  51 orcs
  3 giant cockroaches
  8 goblins
  8 hobgoblins
  18 jackals
  6 quokkas
  6 ball pythons
  3 bats
  7 frilled lizards
  2 goblin zombies (Ossuary)
  7 hobgoblin zombies (Ossuary)
  2 jackal zombies (Ossuary)
  10 kobolds
  11 kobold zombies (Ossuary)
  A leopard gecko zombie (D:8)
  9 orc zombies (Ossuary)
  A quokka zombie (D:7)
  8 rats
  3 river rat simulacra (Lair:3)
  2 demonic plants (Gauntlet)
  2 fungi
  4 plants
710 creatures vanquished.

Vanquished Creatures (others)
  6 demonic plants (Gauntlet)
  8 fungi
  A plant (Lair:6)
15 creatures vanquished.

Grand Total: 725 creatures vanquished

Notes
Turn   | Place    | Note
-------+----------+-------------------------------------------
     0 | D:1      | Borgoz the Hill Orc Berserker began the quest for the Orb.
     0 | D:1      | Reached XP level 1. HP: 19/19 MP: 1/1
   309 | D:1      | Reached XP level 2. HP: 26/27 MP: 2/2
   782 | D:1      | Reached XP level 3. HP: 21/33 MP: 3/3
   783 | D:1      | Reached ** piety under Trog
  1543 | D:2      | Reached XP level 4. HP: 37/40 MP: 4/4
  2069 | D:3      | HP: 2/41 [orc/+2 hand axe of freezing (4)]
  2238 | D:3      | Reached skill level 5 in Axes
  2238 | D:3      | Reached XP level 5. HP: 37/47 MP: 5/5
  2316 | D:3      | Reached *** piety under Trog
  3146 | D:4      | Noticed a phantom
  3162 | D:4      | Reached skill level 5 in Fighting
  3162 | D:4      | Reached XP level 6. HP: 40/56 MP: 6/6
  3203 | D:4      | Killed a phantom
  3299 | D:4      | Reached skill level 6 in Axes
  3363 | D:4      | Reached XP level 7. HP: 50/61 MP: 7/7
  3831 | D:5      | Entered Level 5 of the Dungeon
  3987 | D:5      | Reached **** piety under Trog
  4049 | D:5      | Reached skill level 5 in Armour
  4122 | D:5      | Reached skill level 7 in Axes
  4122 | D:5      | Reached XP level 8. HP: 53/71 MP: 8/8
  4170 | D:5      | Found a sand-covered staircase.
  4179 | Ossuary  | Entered an ossuary
  4667 | D:5      | Reached ***** piety under Trog
  4667 | D:5      | Received a gift from Trog
  5310 | D:6      | Found a staircase to the Ecumenical Temple.
  5340 | Temple   | Entered the Ecumenical Temple
  5568 | D:6      | Reached skill level 8 in Axes
  5631 | D:6      | Reached XP level 9. HP: 79/79 MP: 9/9
  5723 | D:6      | Found a hide-covered altar of Uskayaw.
  5847 | D:6      | Found a hazy altar of Hepliaklqana.
  5902 | D:6      | Reached skill level 5 in Dodging
  6543 | D:7      | You fall into a shaft and drop 1 floor!
  6575 | D:8      | Reached skill level 9 in Axes
  7139 | D:8      | Noticed Harold
  7158 | D:8      | Killed Harold
  7218 | D:8      | Reached XP level 10. HP: 68/91 MP: 10/10
  7372 | D:8      | Found a sparkling altar of Nemelex Xobeh.
  7372 | D:8      | Found an opulent altar of Gozag.
  7411 | D:8      | Reached skill level 10 in Axes
  7584 | D:8      | Found a sacrificial altar of Ru.
  7584 | D:8      | Found a shimmering blue altar of Sif Muna.
  7585 | D:8      | Found a snail-covered altar of Cheibriados.
  7910 | D:9      | Noticed Erolcha
  8131 | D:9      | Paralysed by a hornet for 1 turns
  8146 | D:9      | Killed Erolcha
  8216 | D:9      | Found a staircase to the Lair.
  8254 | D:9      | Got a transparent ring mail
  8265 | D:9      | Identified the +1 ring mail of the Volcano {Str+3} (You
                  | found it on level 9 of the Dungeon)
  8390 | D:9      | Reached skill level 10 in Fighting
  8437 | D:9      | Noticed Erica
  8446 | D:9      | Killed Erica
  8446 | D:9      | Reached skill level 11 in Axes
  8465 | D:9      | Noticed Grum
  8473 | D:9      | Killed Grum
  8473 | D:9      | Received a gift from Trog
  8473 | D:9      | Reached XP level 11. HP: 46/101 MP: 11/11
  8525 | D:9      | Found a runed translucent gate.
  8525 | D:9      | Found a runed translucent gate.
  8606 | D:9      | Found a runed translucent gate.
  8606 | D:9      | Noticed MisterFreud's ghost (journeyman HuWn)
  8733 | D:10     | Entered Level 10 of the Dungeon
  9006 | D:10     | Found a staircase to the Orcish Mines.
  9111 | D:10     | Noticed a deep elf mage
  9127 | D:10     | Killed a deep elf mage
  9409 | D:10     | Reached skill level 12 in Axes
  9409 | D:10     | Reached skill level 10 in Armour
  9781 | D:11     | Identified a scroll of acquirement
  9845 | D:11     | Received a gift from Trog
  9974 | D:11     | Found a gate leading to a gauntlet.
  9986 | Gauntlet | Entered a Gauntlet
  9986 | Gauntlet | Found a transporter.
  9986 | Gauntlet | Found a transporter.
  9986 | Gauntlet | Noticed an oklob plant
  9990 | Gauntlet | Found a transporter.
  9990 | Gauntlet | Found a transporter.
  9990 | Gauntlet | Found a transporter.
 10000 | Gauntlet | Found a transporter.
 10002 | Gauntlet | Noticed a sixfirhy
 10003 | Gauntlet | Found a transporter.
 10007 | Gauntlet | Found a transporter.
 10009 | Gauntlet | Found a large runed translucent door.
 10010 | Gauntlet | Found a large runed translucent door.
 10011 | Gauntlet | Found a large runed translucent door.
 10011 | Gauntlet | Found a large runed translucent door.
 10011 | Gauntlet | Found a runed translucent door.
 10012 | Gauntlet | Found a transporter.
 10012 | Gauntlet | Found a transporter.
 10012 | Gauntlet | Noticed a catoblepas
 10013 | Gauntlet | Found a runed translucent door.
 10014 | Gauntlet | Found a large runed translucent door.
 10015 | Gauntlet | Found a large runed translucent door.
 10015 | Gauntlet | Found a large runed translucent door.
 10015 | Gauntlet | Found a large runed translucent door.
 10016 | Gauntlet | Found a large runed translucent door.
 10016 | Gauntlet | Found a large runed translucent door.
 10017 | Gauntlet | Found a large runed translucent door.
 10017 | Gauntlet | Found a large runed translucent door.
 10019 | Gauntlet | Found a runed translucent gate.
 10019 | Gauntlet | Found a runed translucent gate.
 10019 | Gauntlet | Found a runed translucent gate.
 10020 | Gauntlet | Noticed a wizard
 10020 | Gauntlet | Noticed a wizard
 10021 | Gauntlet | Found a transporter.
 10027 | Gauntlet | Found a transporter.
 10196 | Gauntlet | Killed a sixfirhy
 10222 | Gauntlet | Noticed a moth of wrath
 10236 | Gauntlet | Reached skill level 1 in Evocations
 10240 | Gauntlet | Killed a moth of wrath
 10384 | Gauntlet | Got a glittering steel amulet
 10387 | Gauntlet | Identified the amulet "Zerrig" {Inacc rPois rC+ Int+4} (You
                  | found it in a Gauntlet)
 10399 | Gauntlet | Identified the +8 dagger of Generosity {antimagic, *Slow
                  | +Rage SInv}
 10399 | Gauntlet | Identified the +10 shortbow of Doubt {freeze, Str+2 Int+4
                  | Dex+6}
 10399 | Gauntlet | Noticed a minotaur
 10411 | Gauntlet | Killed a minotaur
 10411 | Gauntlet | Reached XP level 12. HP: 103/111 MP: 0/13
 10419 | Gauntlet | Got a bloodstained hand crossbow
 11208 | D:12     | Identified the cursed +1 hand crossbow "Hinnir" {freeze,
                  | Fragile rElec rC+} (You found it in a Gauntlet)
 11450 | D:12     | Reached skill level 13 in Axes
 11877 | D:13     | Noticed Frances
 11895 | D:13     | Killed Frances
 11895 | D:13     | Received a gift from Trog
 12330 | D:13     | Reached XP level 13. HP: 77/119 MP: 16/16
 12478 | D:13     | Reached skill level 10 in Dodging
 12936 | D:14     | Noticed a vault guard
 12947 | D:14     | Killed a vault guard
 13038 | D:14     | Found a gate to the Vaults.
 13100 | D:14     | Reached skill level 14 in Axes
 13155 | D:14     | Found Gezoweufo's Magic Scroll Shoppe.
 13164 | D:14     | Bought a scroll of acquirement for 676 gold pieces
 13350 | D:14     | Noticed Kirke
 13362 | D:14     | Killed Kirke
 13362 | D:14     | Received a gift from Trog
 13568 | D:14     | Found Jaem's Serpentskin Sales.
 13700 | D:15     | Entered Level 15 of the Dungeon
 13833 | D:15     | Noticed Louise
 13859 | D:15     | Killed Louise
 13859 | D:15     | Reached XP level 14. HP: 106/129 MP: 17/17
 13991 | D:15     | Noticed Rupert
 14277 | D:14     | Killed Rupert
 14616 | D:14     | Reached skill level 15 in Axes
 14711 | D:15     | Received a gift from Trog
 14793 | D:15     | Found a staircase to the Depths.
 15136 | D:9      | Killed MisterFreud's ghost
 15212 | Lair:1   | Entered Level 1 of the Lair of Beasts
 15347 | Lair:1   | Found a frozen archway.
 15371 | IceCv    | Entered an ice cave
 15372 | IceCv    | Found a transporter.
 15429 | IceCv    | Found a transporter.
 15503 | IceCv    | Got a spiked shield
 15510 | IceCv    | Identified the +5 shield of Dishonour {*Drain +Inv Int+8}
                  | (You found it in an ice cave)
 15700 | Lair:1   | Got a scintillating lead ring
 15702 | Lair:1   | Identified the ring of Tarungueg {Fire MR+ Str+3} (You
                  | found it on level 1 of the Lair of Beasts)
 16631 | Lair:2   | Received a gift from Trog
 16695 | Lair:2   | Reached XP level 15. HP: 139/139 MP: 18/18
 17145 | Lair:3   | Found a staircase to the Snake Pit.
 17369 | Lair:3   | Received a gift from Trog
 17976 | Lair:4   | Found a staircase to the Swamp.
 18168 | Lair:4   | You fall into a shaft and drop 2 floors!
 18168 | Lair:6   | Entered Level 6 of the Lair of Beasts
 18185 | Lair:6   | Reached skill level 16 in Axes
 18193 | Lair:6   | Received a gift from Trog
 18208 | Lair:6   | Reached skill level 15 in Fighting
 18211 | Lair:6   | HP: 10/211 [water moccasin (2)]
 18211 | Lair:6   | HP: 3/211 [steam dragon (7)]
 18211 | Lair:6   | HP: 1/211 [steam dragon (2)]
 18214 | Lair:6   | Mangled by a yak

Levels and vault maps discovered:
D:1:      giann_bridges, layout_loops_corners
D:2:      minmay_door_path, layout_loops_ring, serial_bayou_crossing
D:3:      layout_loops_corners, first_ration, minmay_misc_feat_four_crosses
D:4:      layout_basic
D:5:      layout_layer_cave, enter_ossuary_1, minmay_misc_feat_secret_circle
D:6:      layout_loops_cross, nicolae_overflow_crystal_walls,
          overflow_temple_1_default, minmay_temple_entry_glassed_door
D:7:      wad_crossroads, layout_basic
D:8:      layout_basic, grunt_temple_overflow_opulence,
          gammafunk_temple_overflow_claw, uniq_harold
D:9:      layout_basic, lair_entry_dummy, ebering_ghost_rock_garden, uniq_erica,
          uniq_erolcha, uniq_grum
D:10:     cheibrodos_fzero, layout_basic
D:11:     layout_gridville, gauntlet_entry_generic
D:12:     layout_small_grid
D:13:     layout_cave_pods, hangedman_fish_farm, uniq_frances
D:14:     layout_loops_ring, david_vaults_5, serial_shops, shop,
          guppyfry_shop_venom, uniq_kirke
D:15:     gammafunk_enter_depths_forms, layout_cave_pools,
          minmay_misc_feat_diagonals, special_room [special_room_orc],
          wad_dig_loot, uniq_rupert, uniq_louise
Temple:   regret_index_temple_generic_petals
Lair:1:   layout_roguey, portal_ice_cave_entry_pillars_1,
          chequers_serial_rivers_micro_e, lemuel_fruit_tree
Lair:2:   layout_long_grid
Lair:3:   layout_roguey, minmay_snake_entry_six_corridors, serial_bayou_pond_c,
          eino_house_with_fridge, infiniplex_staircase_pool
Lair:4:   layout_cave_pods, minmay_swamp_entry_eels, serial_bayou_lagoon_b
Lair:6:   hangedman_lair_tendril_chambers, layout_misc_corridors, slime_altar_1,
          guppyfry_lair_drakes

Skill      XL: |  1  2  3  4  5  6  7  8  9 10 11 12 13 14 15 |
---------------+----------------------------------------------+-----
Fighting       | 4 5 6 7 9 10 11 12 13 14 15 | 15.0
Dodging        | 2 3 4 5 7 8 9 11 12 13 | 13.1
Armour         | 3 4 5 6 7 9 10 11 12 13 | 13.8
Axes           | 5 6 7 8 9 11 12 13 14 15 16 | 16.2
Evocations     | 1 4 |  4.0

Action                   |  1- 3 |  4- 6 |  7- 9 | 10-12 | 13-15 || total
-------------------------+-------+-------+-------+-------+-------++-------
Melee: Hand axe          |   125 |   182 |   477 |     3 |       ||   787
       Battleaxe         |       |       |       |   553 |   800 ||  1353
       Executioner's axe |       |       |       |       |    17 ||    17
Invok: Berserk           |     1 |       |     2 |     9 |    11 ||    23
       Trog's Hand       |       |       |     1 |     5 |     8 ||    14
Evoke: Wand              |       |       |       |       |     6 ||     6
  Use: Scroll            |     7 |     4 |     7 |     9 |    10 ||    37
       Potion            |       |     1 |     1 |     6 |     3 ||    11
 Stab: Sleeping          |     1 |       |       |       |       ||     1
       Invisible         |       |       |       |     1 |       ||     1
       Confused          |       |       |       |       |     1 ||     1
  Eat: Chunk             |     3 |     6 |    12 |    21 |    30 ||    72
       Ration            |       |       |     2 |     2 |     1 ||     5
Armor: Animal skin       |    13 |       |       |       |       ||    13
       Leather armour    |    21 |    15 |       |       |       ||    36
       Ring mail         |       |    26 |   171 |   135 |       ||   332
       Gold dragon scale |       |       |       |   268 |   632 ||   900
Dodge: Dodged            |    97 |   134 |   247 |   478 |   496 ||  1452
       Deflected         |       |       |       |     7 |    30 ||    37

Table legend:
 A = Non-vault XP
 B = Vault XP
 C = Vault XP percentage of total XP
 D = Non-vault monster count
 E = Vault monster count
 F = Vault count percentage of total count
                 A         B        C        D         E       F
            +---------+---------+-------+---------+---------+-------
      Total |   72552 |   39074 |  35.0 |     523 |     179 |  25.5
            +---------+---------+-------+---------+---------+-------
        D:1 |      48 |       0 |   0.0 |      26 |       0 |   0.0
        D:2 |      51 |      17 |  25.0 |      20 |       4 |  16.7
        D:3 |     129 |       0 |   0.0 |      28 |       0 |   0.0
        D:4 |     578 |       0 |   0.0 |      26 |       0 |   0.0
        D:5 |     644 |       0 |   0.0 |      21 |       0 |   0.0
        D:6 |     867 |       0 |   0.0 |      22 |       0 |   0.0
        D:7 |     374 |      86 |  18.7 |      13 |       3 |  18.8
        D:8 |     950 |     950 |  50.0 |      22 |       1 |   4.3
        D:9 |    1815 |    3497 |  65.8 |      22 |       8 |  26.7
       D:10 |    4477 |    1626 |  26.6 |      43 |      13 |  23.2
       D:11 |    2552 |       0 |   0.0 |      25 |       0 |   0.0
       D:12 |    3551 |       0 |   0.0 |      25 |       0 |   0.0
       D:13 |    7416 |    2561 |  25.7 |      43 |       2 |   4.4
       D:14 |   12963 |   10206 |  44.1 |      47 |      18 |  27.7
       D:15 |    5021 |    6859 |  57.7 |      16 |      20 |  55.6
     Lair:1 |    3556 |       0 |   0.0 |      18 |       0 |   0.0
     Lair:2 |    9557 |       0 |   0.0 |      38 |       0 |   0.0
     Lair:3 |    7990 |    1700 |  17.5 |      24 |      25 |  51.0
     Lair:4 |     359 |     332 |  48.0 |       2 |       6 |  75.0
     Lair:6 |    9654 |    4604 |  32.3 |      42 |      19 |  31.1
    Ossuary |       0 |     383 | 100.0 |       0 |      39 | 100.0
      IceCv |       0 |    2691 | 100.0 |       0 |      10 | 100.0
   Gauntlet |       0 |    3562 | 100.0 |       0 |      11 | 100.0
            +---------+---------+-------+---------+---------+-------
